[Event "Titled Tuesday Blitz October 5 2021"]
[White "Dzhaparov, Medet"]
[Black "Hjartarson, Johann"]
[WhiteFideId "13803689"]
[BlackFideId "2300044"]
[WhiteElo "1702"]
[BlackElo "2502"]
[Result "1/2-1/2"]
[Round "07"]
[TimeControl "180+1"]
[Date "2021.10.05"]
[WhiteClock "0:00:12"]
[BlackClock "0:01:36"]

1. d4 Nf6 2. c4 g6 3. Nf3 Bg7 4. g3 O-O 5. Bg2 d5 6. cxd5 Nxd5 7. O-O Nb6 8. Nc3 Nc6 9. d5 Na5 10. Qc2 c6 11. dxc6 Nxc6 12. Rd1 Qc7 13. Nb5 Qb8 14. Bf4 e5 15. Be3 Bf5 16. Qc5 Rd8 17. Rxd8+ Qxd8 18. Rc1 Rc8 19. Nd6 Bf8 20. Nxb7 Bxc5 21. Nxd8 Bxe3 22. Rxc6 Rxd8 23. fxe3 Rd1+ 24. Kf2 Rb1 25. Nxe5 Rxb2 26. Rc7 Be6 27. Rxa7 Rxa2 28. Rxa2 Bxa2 29. h4 Kg7 1/2-1/2


[Site "https://www.chess.com"]

[Event "Titled Tuesday Blitz October 5 2021"]
[White "Erdogmus, Yagiz Kaan"]
[Black "Chitlange Sakshi"]
[WhiteFideId "44599790"]
[BlackFideId "35002899"]
[WhiteElo "1783"]
[BlackElo "1787"]
[Result "1-0"]
[Round "07"]
[TimeControl "180+1"]
[Date "2021.10.05"]
[WhiteClock "0:00:27"]
[BlackClock "0:00:10"]

1. b3 d5 2. Bb2 c5 3. Bc1 Nc6 4. Bb2 e5 5. e3 a6 6. d3 Bd6 7. Nd2 Nge7 8. Ngf3 O-O 9. Be2 d4 10. e4 b5 11. O-O g6 12. Re1 Be6 13. Ng5 Bd7 14. a3 h6 15. Ngf3 Be6 16. h3 Kh7 17. Nh2 f5 18. exf5 gxf5 19. Bf3 Bd5 20. Ndf1 Qe8 21. Ng3 Qg6 22. Bc1 Bxf3 23. Qxf3 Rg8 24. Qh5 Qf6 25. Nf3 Qg6 26. Qxg6+ Rxg6 27. Nh4 Rf6 28. f4 exf4 29. Nh5 Rf7 30. Bxf4 Bxf4 31. Nxf4 Rg8 32. Re6 Rfg7 33. Rae1 a5 34. Nh5 Rg6 35. Rxe7+ Nxe7 36. Rxe7+ Kh8 37. Nxg6+ Rxg6 38. Re5 Rg5 39. Nf6 Kg7 40. Ne8+ Kf8 41. Nd6 1-0


[Site "https://www.chess.com"]

[Event "Titled Tuesday Blitz October 5 2021"]
[White "Ertan, Can"]
[Black "Bodnaruk, Anastasia"]
[WhiteFideId "6306330"]
[BlackFideId "4181751"]
[WhiteElo "2223"]
[BlackElo "2406"]
[Result "1-0"]
[Round "07"]
[TimeControl "180+1"]
[Date "2021.10.05"]
[WhiteClock "0:00:14"]
[BlackClock "0:00:04"]

1. e4 c5 2. Nf3 d6 3. c3 Nf6 4. Qc2 Qc7 5. Bc4 e6 6. O-O Be7 7. d4 O-O 8. e5 dxe5 9. dxe5 Nd5 10. Qe4 Nc6 11. Bxd5 exd5 12. Qxd5 Bg4 13. Bf4 Rad8 14. Qe4 Bxf3 15. Qxf3 Nxe5 16. Bxe5 Qxe5 17. Qxb7 Rb8 18. Qxa7 Rxb2 19. Na3 Re2 20. Nb5 c4 21. a4 Bc5 22. Qd7 Qf6 23. Nd4 Rd8 24. Qg4 Bxd4 25. Qxe2 Bxc3 26. Rad1 Bd4 27. Qxc4 h5 28. Rd2 Rd6 29. Kh1 h4 30. h3 Be5 31. Re2 Rd4 32. Qc8+ Kh7 33. Qc5 Bd6 34. Qh5+ Kg8 35. Re8+ Bf8 36. Qc5 1-0


[Site "https://www.chess.com"]

[Event "Titled Tuesday Blitz October 5 2021"]
[White "Gabrielian, Artur"]
[Black "Indjic, Aleksandar"]
[WhiteFideId "4131002"]
[BlackFideId "911925"]
[WhiteElo "2489"]
[BlackElo "2643"]
[Result "0-1"]
[Round "07"]
[TimeControl "180+1"]
[Date "2021.10.05"]
[WhiteClock "0:00:08"]
[BlackClock "0:01:31"]

1. e4 e5 2. Nc3 Nf6 3. g3 d5 4. exd5 Nxd5 5. Bg2 Nxc3 6. bxc3 Nc6 7. Nf3 Bc5 8. O-O O-O 9. Re1 Re8 10. d4 exd4 11. Rxe8+ Qxe8 12. cxd4 Bd6 13. c4 Bf5 14. c5 Bf8 15. Be3 Nb4 16. Qb3 Nc2 17. Rc1 Nxe3 18. fxe3 Rb8 19. Ne5 c6 20. Rf1 Be6 21. Qc2 f6 22. Nd3 Rd8 23. Nf4 Bf7 24. Qf2 b6 25. cxb6 axb6 26. Rc1 c5 27. d5 Bd6 28. e4 Be5 29. Kh1 Ra8 30. Rb1 Bd4 31. Qe2 g5 32. Ne6 Bxe6 33. dxe6 Qxe6 34. Qb5 Rxa2 35. Rf1 Kg7 36. Qd3 g4 37. Qb1 Ra1 38. Qd3 Rxf1+ 39. Qxf1 h5 40. Qa6 Qb3 41. h3 Qxg3 42. e5 Qe1+ 43. Bf1 Qxe5 44. Qb7+ Kh6 45. hxg4 hxg4 46. Qxb6 Qh5+ 47. Kg2 Qh3# 0-1


[Site "https://www.chess.com"]

[Event "Titled Tuesday Blitz October 5 2021"]
[White "Gaehwiler, Gabriel"]
[Black "Pacheco Lugo, Alejandro Jose"]
[WhiteFideId "1314530"]
[BlackFideId "3903745"]
[WhiteElo "2320"]
[BlackElo "2125"]
[Result "1-0"]
[Round "07"]
[TimeControl "180+1"]
[Date "2021.10.05"]
[WhiteClock "0:01:02"]
[BlackClock "0:00:33"]

1. d4 Nf6 2. c4 e6 3. g3 d5 4. Bg2 Be7 5. Nf3 O-O 6. Qc2 dxc4 7. Qxc4 a6 8. O-O b5 9. Qc2 Bb7 10. Bf4 Nc6 11. Rd1 Nb4 12. Qc1 Qc8 13. Bg5 c5 14. Bxf6 gxf6 15. Nc3 cxd4 16. Rxd4 f5 17. Qh6 f6 18. Rad1 Nd5 19. Nxd5 Bxd5 20. Rxd5 exd5 21. Nh4 Rd8 22. Bxd5+ Rxd5 23. Rxd5 Qe6 24. Nxf5 Bf8 25. Qh5 Rc8 26. Qg4+ Kh8 27. Ne3 Qc6 28. Rd1 Re8 29. Qf3 Qe6 30. b3 Bc5 31. Rd3 Qe5 32. Kg2 Qa1 33. Ng4 Be7 34. Re3 Kg7 35. Qf4 Kf7 36. Qf5 Bf8 1-0


[Site "https://www.chess.com"]

[Event "Titled Tuesday Blitz October 5 2021"]
[White "Garcia Blanco, Omar"]
[Black "Krysa, Leandro"]
[WhiteFideId "2287153"]
[BlackFideId "116807"]
[WhiteElo "2291"]
[BlackElo "2490"]
[Result "0-1"]
[Round "07"]
[TimeControl "180+1"]
[Date "2021.10.05"]
[WhiteClock "0:00:18"]
[BlackClock "0:00:07"]

1. e4 c5 2. c3 Nf6 3. e5 Nd5 4. d4 cxd4 5. Nf3 Nc6 6. cxd4 d6 7. Bc4 dxe5 8. dxe5 Ndb4 9. O-O Qxd1 10. Rxd1 Bg4 11. Nc3 Bxf3 12. gxf3 e6 13. a3 Nc2 14. Ra2 N2d4 15. f4 O-O-O 16. Kg2 Be7 17. b4 a6 18. Be3 Rd7 19. Rad2 Rhd8 20. Ne4 Kc7 21. Ng3 g6 22. Ne2 Nxe2 23. Bxe2 Rxd2 24. Rxd2 Rxd2 25. Bxd2 Na7 26. Bc3 Nb5 27. Bb2 Kc6 28. Bc4 Nc7 29. Kf3 b5 30. Bb3 Nd5 31. Ke4 Nb6 32. Bd4 h5 33. Bxb6 Kxb6 34. Kd3 a5 35. Kc3 a4 36. Bc2 Bh4 37. f3 Be1+ 38. Kd3 Bf2 39. Bb1 Bg1 40. h3 Kc6 41. Ke4 Bf2 42. Ba2 Be1 43. Bb1 Bc3 44. Ba2 Bb2 45. Bb1 Bxa3 46. f5 gxf5+ 47. Kf4 Bxb4 48. Kg5 Bd2+ 49. Kf6 b4 50. Bc2 b3 51. Bd1 Kb5 52. Kxf7 Kb4 53. Kxe6 a3 54. Kf6 a2 0-1


[Site "https://www.chess.com"]

[Event "Titled Tuesday Blitz October 5 2021"]
[White "Gimenez Aguirre, Alejo Ismael"]
[Black "Fier, Alexandr"]
[WhiteFideId "32041667"]
[BlackFideId "2107139"]
[WhiteElo "2031"]
[BlackElo "2569"]
[Result "0-1"]
[Round "07"]
[TimeControl "180+1"]
[Date "2021.10.05"]
[WhiteClock "0:00:08"]
[BlackClock "0:01:42"]

1. e4 Nf6 2. e5 Nd5 3. d4 d6 4. exd6 cxd6 5. Nf3 g6 6. Be2 Bg7 7. O-O O-O 8. h3 Nc6 9. c4 Nb6 10. Nc3 Bf5 11. b3 d5 12. Bb2 dxc4 13. bxc4 Nxd4 14. Nxd4 Qxd4 15. Qb3 Qh4 16. c5 Nd7 17. Qxb7 Nxc5 18. Qd5 Rac8 19. Rac1 Rfd8 20. Qf3 Nd3 21. g3 Qxh3 22. Nd5 Nxc1 23. Nxe7+ Kf8 24. Bxg7+ Kxg7 25. Nxc8 Nxe2+ 26. Qxe2 Rxc8 27. Qe5+ Kg8 0-1


[Site "https://www.chess.com"]

[Event "Titled Tuesday Blitz October 5 2021"]
[White "Girinath, P.D.S."]
[Black "Isajevsky, Anton"]
[WhiteFideId "5000572"]
[BlackFideId "4142500"]
[WhiteElo "2333"]
[BlackElo "2510"]
[Result "1/2-1/2"]
[Round "07"]
[TimeControl "180+1"]
[Date "2021.10.05"]
[WhiteClock "0:00:04"]
[BlackClock "0:00:03"]

1. e4 c5 2. Nf3 d6 3. Bb5+ Nd7 4. O-O Nf6 5. Re1 a6 6. Bf1 b5 7. a4 Bb7 8. d3 g6 9. axb5 axb5 10. Rxa8 Qxa8 11. Nc3 b4 12. Nb5 Qa5 13. c4 bxc3 14. Nxc3 Bg7 15. Qb3 Qb6 16. Qxb6 Nxb6 17. d4 cxd4 18. Nxd4 O-O 19. Ndb5 Rc8 20. f3 Nfd7 21. Be3 Kf8 22. Ra1 Ra8 23. Rxa8+ Bxa8 24. Bd4 Bh6 25. Nc7 Bb7 26. Bb5 e6 27. Kf2 Ke7 28. Ba6 Bxa6 29. Nxa6 Bc1 30. Nb5 e5 31. Bxb6 Nxb6 32. b3 d5 33. Nb4 d4 34. Nd5+ Nxd5 35. exd5 Kd7 36. Ke2 f5 37. Kd3 Bg5 38. g4 Be7 39. h3 Bb4 40. Kc4 Bd6 41. Kd3 h5 42. gxh5 gxh5 43. Kc4 Be7 44. Kd3 Bf8 45. Kc4 Be7 46. Kd3 Bf8 47. Kc4 Be7 1/2-1/2


[Site "https://www.chess.com"]

[Event "Titled Tuesday Blitz October 5 2021"]
[White "Gontcharov, Vladislav"]
[Black "Gorin, Leonid"]
[WhiteFideId "4123492"]
[BlackFideId "4131991"]
[WhiteElo "2503"]
[BlackElo "2363"]
[Result "0-1"]
[Round "07"]
[TimeControl "180+1"]
[Date "2021.10.05"]
[WhiteClock "0:00:13"]
[BlackClock "0:00:15"]

1. e4 e5 2. Nf3 Nc6 3. Bb5 a6 4. Ba4 Nf6 5. O-O Be7 6. Re1 b5 7. Bb3 d6 8. c3 O-O 9. h3 a5 10. a4 b4 11. d4 bxc3 12. bxc3 exd4 13. cxd4 d5 14. Nc3 dxe4 15. Nxe4 Nxe4 16. Rxe4 Bf5 17. Re2 Bf6 18. Be3 Be4 19. Rc1 Bxf3 20. gxf3 Nxd4 21. Rd2 c5 22. Rxc5 Qe7 23. Bxd4 Bxd4 24. Rd5 Bb6 25. Re2 Qh4 26. Kg2 Rad8 27. Rd3 Qg5+ 28. Kh2 g6 29. Bd5 Qf4+ 30. Kg2 Bc7 31. Re4 Qh2+ 32. Kf1 Qxh3+ 33. Ke2 Qf5 34. Qb3 Rb8 35. Qc3 Bb6 36. Rd2 Rbd8 37. Qc4 Rd7 38. Rf4 Qe5+ 39. Re4 Qf6 40. Rf4 Qd8 41. Rd3 Qe7+ 42. Re4 Qg5 43. Rg4 Qd8 44. Kf1 Qc7 45. Kg2 Qxc4 46. Bxc4 Rfd8 47. Rxd7 Rxd7 48. Re4 Rd2 49. Re2 Rd4 50. Bb5 Kg7 51. Kg3 h5 52. Kg2 h4 53. Re4 Rd2 54. Rxh4 Rxf2+ 55. Kg3 Rb2 56. Re4 Bc7+ 57. f4 g5 58. Kg4 Bxf4 59. Kf5 Rf2 60. Kg4 Kg6 61. Rc4 f5+ 62. Kh3 Rh2# 0-1


[Site "https://www.chess.com"]

[Event "Titled Tuesday Blitz October 5 2021"]
[White "Hamidi, Amir Mohammad"]
[Black "Tabatabaei, M. Amin"]
[WhiteFideId "12563285"]
[BlackFideId "12521213"]
[WhiteElo "2239"]
[BlackElo "2555"]
[Result "1/2-1/2"]
[Round "07"]
[TimeControl "180+1"]
[Date "2021.10.05"]
[WhiteClock "0:00:25"]
[BlackClock "0:00:02"]

1. d4 Nf6 2. c4 g6 3. Nc3 Bg7 4. e4 d6 5. f3 O-O 6. Be3 c5 7. Nge2 Nc6 8. Qd2 e6 9. O-O-O Qa5 10. Kb1 a6 11. dxc5 dxc5 12. Nc1 Rd8 13. Bd3 Ne5 14. Qe2 Qc7 15. f4 Nxd3 16. Nxd3 b6 17. e5 Ne8 18. Nf2 Bb7 19. Nfe4 f6 20. exf6 Nxf6 21. Ng5 Qe7 22. Bc1 Rxd1 23. Rxd1 Re8 24. Re1 h6 25. Nf3 Nd7 26. Qd3 Kh7 27. h4 e5 28. fxe5 Bxf3 29. gxf3 Nxe5 30. Qe4 Nc6 31. Qxe7 Rxe7 32. Ne4 Rf7 33. Nd2 Ne5 34. Re3 Rf4 35. Re4 Rxe4 36. Nxe4 Nxf3 37. Nd6 Nxh4 38. Nc8 b5 39. cxb5 axb5 40. Nd6 b4 41. a4 bxa3 42. bxa3 Nf3 43. a4 Bc3 44. Kc2 Bb4 45. Kd3 h5 46. Ke4 Nd4 47. Be3 Nb3 48. Kf3 Na5 49. Ke4 c4 50. Bb6 c3 51. Kd3 h4 52. Ne4 Nc6 53. Bf2 Ne5+ 54. Kc2 Nf3 55. Kd3 h3 56. Bg3 h2 57. Bxh2 Nxh2 58. Nxc3 Ng4 59. Nd5 Ba5 60. Kc4 g5 61. Kd4 Kg6 62. Kd3 Nf6 63. Ne3 g4 64. Nxg4 Nxg4 65. Kc4 Kf6 66. Kb5 Be1 67. a5 Ne5 68. Kb6 Nc4+ 69. Kb5 Nxa5 70. Kc5 Ke5 71. Kb5 Nb7 72. Kc6 Nd6 73. Kc5 Bf2+ 74. Kc6 Bd4 75. Kd7 Kd5 76. Kc7 Bc5 77. Kd7 Ne4 78. Kc7 Nf6 79. Kb7 Kd6 80. Ka6 Kc6 81. Ka5 Kd5 82. Kb5 Nd7 83. Ka6 Kc6 84. Ka5 Nb6 85. Ka6 Bb4 86. Ka7 Bc3 87. Ka6 Nd5 88. Ka7 Nb4 89. Kb8 Be5+ 90. Ka7 Bc7 91. Ka8 Nd5 92. Ka7 Nb6 93. Ka6 Nd7 94. Ka7 Bb6+ 95. Ka8 Nc5 96. Kb8 Nb7 97. Ka8 Nd6 98. Kb8 Nb5 99. Ka8 Ba5 100. Kb8 Bc7+ 101. Ka8 Bd6 1/2-1/2


[Site "https://www.chess.com"]

[Event "Titled Tuesday Blitz October 5 2021"]
[White "Harshavardhan G B"]
[Black "Martin Carmona, Gaston Manuel"]
[WhiteFideId "25059009"]
[BlackFideId "22284567"]
[WhiteElo "1825"]
[BlackElo "2161"]
[Result "1-0"]
[Round "07"]
[TimeControl "180+1"]
[Date "2021.10.05"]
[WhiteClock "0:00:39"]
[BlackClock "0:00:08"]

1. Nf3 Nf6 2. g3 g6 3. Bg2 Bg7 4. O-O O-O 5. d3 d6 6. Nbd2 c5 7. e4 Nc6 8. Nh4 Rb8 9. f4 Bg4 10. Nhf3 Nd4 11. c3 Nxf3+ 12. Nxf3 b5 13. h3 Bxf3 14. Bxf3 b4 15. c4 Ne8 16. Qe2 Nc7 17. f5 Be5 18. Bf4 f6 19. fxg6 hxg6 20. Bg4 Kg7 21. Kh2 a5 22. Rf2 a4 23. Raf1 e6 24. Qd2 g5 25. Be3 Rh8 26. d4 cxd4 27. Bxd4 Rf8 28. Qe3 Qe7 29. Bxe5 dxe5 30. Rxf6 Qxf6 31. Rxf6 Kxf6 32. Qf2+ Ke7 33. Qc5+ Kd7 34. Kg2 Rf6 35. Qxe5 Rbf8 36. Qd4+ Kc6 37. e5 Rf1 38. h4 gxh4 39. gxh4 R8f4 40. Qd6+ Kb7 41. Kg3 Rxc4 42. Bf3+ Ka7 43. Be2 Rg1+ 44. Kf2 Rgc1 45. Bxc4 Rxc4 46. h5 Kb7 47. Qd3 Rh4 48. Kg3 Rxh5 49. Qf3+ Nd5 50. Qxh5 Kc6 51. Qe8+ Kc5 52. Qxe6 Kd4 53. Qd6 Ke4 54. e6 1-0


[Site "https://www.chess.com"]

[Event "Titled Tuesday Blitz October 5 2021"]
[White "Havanecz, Bianka"]
[Black "Weetik, Vjacheslav"]
[WhiteFideId "704814"]
[BlackFideId "4153472"]
[WhiteElo "2432"]
[BlackElo "2469"]
[Result "0-1"]
[Round "07"]
[TimeControl "180+1"]
[Date "2021.10.05"]
[WhiteClock "0:00:04"]
[BlackClock "0:00:46"]

1. d4 d6 2. c4 c6 3. Nf3 h6 4. e4 g5 5. h3 Bg7 6. Nc3 Nd7 7. Be3 Nf8 8. Be2 Ng6 9. Rc1 Nf6 10. O-O g4 11. hxg4 Nxg4 12. Qd2 Qa5 13. d5 Bd7 14. a3 c5 15. Ne1 Nxe3 16. Qxe3 h5 17. Nd3 Qd8 18. b4 Bd4 19. Qg5 e5 20. Qxd8+ Rxd8 21. bxc5 dxc5 22. Nb5 Bxb5 23. cxb5 b6 24. Kh2 Ke7 25. a4 Nf4 26. Nxf4 exf4 27. Bf3 Kf6 28. Rc2 Ke5 29. Re1 Rd6 30. Ra2 c4 31. a5 bxa5 32. Ree2 Bb6 33. Rec2 Rc8 34. Ra4 c3 35. Kg1 h4 36. Kf1 Rc5 37. Ke2 Rd7 38. Kd3 Rdc7 39. Ra3 Rxb5 40. Raxc3 Rxc3+ 41. Rxc3 Bxf2 42. Rc7 h3 0-1


[Site "https://www.chess.com"]

[Event "Titled Tuesday Blitz October 5 2021"]
[White "Hirneise, Jens"]
[Black "Liyanage, Ranindu Dilshan"]
[WhiteFideId "24614734"]
[BlackFideId "9915834"]
[WhiteElo "2323"]
[BlackElo "1839"]
[Result "0-1"]
[Round "07"]
[TimeControl "180+1"]
[Date "2021.10.05"]
[WhiteClock "0:00:01"]
[BlackClock "0:00:13"]

1. Nc3 d5 2. e4 d4 3. Nce2 c5 4. d3 Nc6 5. f4 g6 6. Nf3 Bg7 7. g3 Nf6 8. h3 O-O 9. Bg2 e5 10. O-O Qe7 11. f5 gxf5 12. Nh4 f4 13. Nf5 Bxf5 14. exf5 Rfe8 15. g4 h6 16. Be4 Rad8 17. Kh2 c4 18. Ng1 cxd3 19. cxd3 Nxe4 20. dxe4 d3 21. Nf3 Rd6 22. Bd2 Qd8 23. Rg1 Nd4 24. g5 Nxf3+ 25. Qxf3 hxg5 26. Qh5 Rh6 27. Qxg5 Qxg5 28. Rxg5 f6 29. Rgg1 Kf7 30. Rac1 Re7 31. Rc3 Rd7 32. Rgc1 Rh8 33. Rc7 Rd8 34. Kg2 Bf8 35. Kf3 Bd6 36. Rxd7+ Rxd7 37. h4 Rd8 38. Rg1 Bc5 39. Rg2 Rh8 40. Rh2 Rg8 41. Rh3 Rg1 42. h5 Kg7 43. h6+ Kh7 44. b4 Bd4 45. b5 Rf1+ 46. Kg4 Rf2 47. Bb4 d2 48. Rd3 Rg2+ 49. Kh5 Rg5+ 0-1


[Site "https://www.chess.com"]

[Event "Titled Tuesday Blitz October 5 2021"]
[White "Holt, Conrad"]
[Black "Yoo, Christopher Woojin"]
[WhiteFideId "2034387"]
[BlackFideId "30909694"]
[WhiteElo "2586"]
[BlackElo "2105"]
[Result "0-1"]
[Round "07"]
[TimeControl "180+1"]
[Date "2021.10.05"]
[WhiteClock "0:00:03"]
[BlackClock "0:00:03"]

1. d4 Nf6 2. c4 e6 3. Nc3 Bb4 4. Qc2 c5 5. dxc5 O-O 6. a3 Bxc5 7. Bf4 d5 8. e3 Nc6 9. Nf3 Be7 10. Rd1 Qa5 11. Be2 dxc4 12. Bxc4 e5 13. Bg3 e4 14. Nd2 Bg4 15. Rc1 Bf5 16. O-O Rac8 17. Nb3 Qb6 18. Na4 Qd8 19. Rfd1 Qe8 20. Bb5 a6 21. Bxc6 Rxc6 22. Nc3 Rc8 23. h3 Bg6 24. Rd4 Nd7 25. Qd1 Nf6 26. Bh4 b5 27. Qd2 Bf5 28. Bg3 Be6 29. Na5 Bc5 30. Bd6 Bxd4 31. exd4 Qd7 32. Bxf8 Rxf8 33. Re1 Bf5 34. Nb3 Rc8 35. Qf4 Nd5 36. Nxd5 Qxd5 37. Nc5 Bg6 38. Qe3 Rc6 39. b4 f5 40. f3 exf3 41. gxf3 Rd6 42. Rd1 f4 43. Qxf4 Rf6 44. Qg4 Rxf3 45. Re1 Bf5 46. Qg5 Qxd4+ 47. Kg2 Qf2+ 48. Kh1 Rxh3# 0-1


[Site "https://www.chess.com"]

[Event "Titled Tuesday Blitz October 5 2021"]
[White "Ibrahimli, Murad"]
[Black "Hambleton, Aman"]
[WhiteFideId "13410229"]
[BlackFideId "2606577"]
[WhiteElo "2109"]
[BlackElo "2552"]
[Result "1-0"]
[Round "07"]
[TimeControl "180+1"]
[Date "2021.10.05"]
[WhiteClock "0:00:12"]
[BlackClock "0:00:01"]

1. d4 Nf6 2. c4 e6 3. Nf3 b6 4. g3 Ba6 5. Nbd2 Bb4 6. Qc2 Bb7 7. Bg2 Be4 8. Qb3 Nc6 9. O-O Bxd2 10. Bxd2 O-O 11. Bc3 d6 12. Bh3 Bxf3 13. exf3 Na5 14. Qa4 Qe8 15. Qxe8 Rfxe8 16. b3 c5 17. Rad1 Rad8 18. f4 Nc6 19. dxc5 dxc5 20. Bg2 Nb4 21. a3 Nc2 22. Bb2 Kf8 23. Bc6 Rxd1 24. Rxd1 Rc8 25. Bb7 Rc7 26. Bf3 Ke7 27. Kf1 Rd7 28. Rxd7+ Kxd7 29. Ke2 Nd4+ 30. Bxd4 cxd4 31. Kd3 a5 32. Kxd4 Kd6 33. b4 axb4 34. axb4 Nd7 35. Bd1 h6 36. Ba4 Nf6 37. c5+ bxc5+ 38. bxc5+ Ke7 39. Bc6 Ng4 40. Bf3 Nxf2 41. Ke3 Nh3 42. Bg2 1-0


[Site "https://www.chess.com"]

[Event "Titled Tuesday Blitz October 5 2021"]
[White "Jary, Sergey"]
[Black "Noboa Silva, Kevin"]
[WhiteFideId "14110350"]
[BlackFideId "3618471"]
[WhiteElo "2260"]
[BlackElo "2161"]
[Result "1-0"]
[Round "07"]
[TimeControl "180+1"]
[Date "2021.10.05"]
[WhiteClock "0:00:39"]
[BlackClock "0:00:02"]

1. e4 e6 2. d4 d5 3. Nd2 a6 4. c3 c5 5. Ngf3 Nc6 6. exd5 exd5 7. Bd3 cxd4 8. cxd4 Nf6 9. O-O Be7 10. Nb3 O-O 11. Re1 Bg4 12. h3 Bh5 13. Be2 Ne4 14. Bf4 Bf6 15. Ne5 Bxe2 16. Qxe2 Bxe5 17. dxe5 Qb6 18. Be3 Qc7 19. f3 Ng3 20. Qf2 Nf5 21. Bc5 Rfe8 22. f4 a5 23. g4 Nfe7 24. Bd6 Qc8 25. Rac1 a4 26. Nd4 a3 27. b3 Ng6 28. Nb5 Rd8 29. f5 Nf8 30. Nc7 Ra5 31. Qd2 Ra7 32. Nxd5 Qd7 33. Qe3 Kh8 34. Nb4 Re8 35. Nxc6 bxc6 36. Qb6 Rb7 37. Qxc6 Qxc6 38. Rxc6 Nd7 39. Rec1 Ra7 40. Rc7 Rxc7 41. Rxc7 Nb6 42. Rxf7 Nd5 43. e6 1-0


[Site "https://www.chess.com"]

[Event "Titled Tuesday Blitz October 5 2021"]
[White "Kadam, Om Manish"]
[Black "Silvestre, Christian"]
[WhiteFideId "45076294"]
[BlackFideId "30956269"]
[WhiteElo "1729"]
[BlackElo "2505"]
[Result "1-0"]
[Round "07"]
[TimeControl "180+1"]
[Date "2021.10.05"]
[WhiteClock "0:00:52"]
[BlackClock "0:00:14"]

1. e4 c6 2. d4 d5 3. Nc3 a6 4. exd5 cxd5 5. Nf3 Nc6 6. Bd3 Bg4 7. Be3 Nf6 8. h3 Bh5 9. Be2 e6 10. O-O Bd6 11. a3 Rc8 12. Na4 Bb8 13. Nc5 Qc7 14. g3 O-O 15. b4 Rfe8 16. Bf4 Qe7 17. Bxb8 Nxb8 18. Ne5 Bxe2 19. Qxe2 Rc7 20. Rac1 Rec8 21. c4 dxc4 22. Nxc4 Nd5 23. Rfe1 b6 24. Nb3 h6 25. Kh2 Qg5 26. h4 Qf6 27. Ne5 Rc3 28. Rxc3 Rxc3 29. Rc1 Rxc1 30. Nxc1 Qd8 31. Ncd3 Nf6 32. Qf3 Qxd4 33. Qa8 Qd8 34. Nf4 Nfd7 35. Nxd7 Qxd7 36. Qxb8+ Kh7 37. Qxb6 1-0


[Site "https://www.chess.com"]

[Event "Titled Tuesday Blitz October 5 2021"]
[White "Kamsky, Gata"]
[Black "Janaszak, Dawid"]
[WhiteFideId "2000024"]
[BlackFideId "1119206"]
[WhiteElo "2603"]
[BlackElo "2215"]
[Result "1-0"]
[Round "07"]
[TimeControl "180+1"]
[Date "2021.10.05"]
[WhiteClock "0:01:31"]
[BlackClock "0:00:11"]

1. e4 c5 2. Nf3 Nc6 3. d4 cxd4 4. Nxd4 g6 5. c4 Nf6 6. Nc3 d6 7. Be2 Nxd4 8. Qxd4 Bg7 9. Bd2 O-O 10. Qe3 Qb6 11. Qxb6 axb6 12. O-O Be6 13. Rfc1 Rfc8 14. b3 Nd7 15. f3 f5 16. exf5 gxf5 17. a4 Kf7 18. Rab1 h5 19. f4 Rh8 20. Be3 Nc5 21. Nb5 Rac8 22. Rd1 h4 23. Bf3 h3 24. g3 Bd7 25. Bd5+ Kf8 26. Kf2 Bc6 27. Bxc5 bxc5 28. Be6 Rd8 29. Bxf5 Bxb5 30. cxb5 Bd4+ 31. Kf3 b6 32. Be6 Rh6 33. f5 Kg7 34. b4 Rf8 35. Ke4 Be5 36. a5 bxa5 37. bxa5 Rb8 38. b6 c4 39. Bxc4 1-0


[Site "https://www.chess.com"]

[Event "Titled Tuesday Blitz October 5 2021"]
[White "Kanyamarala, Tarun"]
[Black "Mortazavi, Ali"]
[WhiteFideId "45004714"]
[BlackFideId "401323"]
[WhiteElo "2077"]
[BlackElo "2339"]
[Result "1-0"]
[Round "07"]
[TimeControl "180+1"]
[Date "2021.10.05"]
[WhiteClock "0:00:10"]
[BlackClock "0:00:09"]

1. d4 Nf6 2. Nf3 g6 3. e3 Bg7 4. Be2 O-O 5. O-O d6 6. c4 Nbd7 7. Nc3 e5 8. Qc2 Re8 9. b4 e4 10. Nd2 Qe7 11. Bb2 Nf8 12. Rfc1 h5 13. Qd1 Bf5 14. a4 N8h7 15. Nd5 Nxd5 16. cxd5 Nf6 17. Qb3 Bg4 18. Bf1 h4 19. h3 Bf5 20. Rc3 Rac8 21. a5 g5 22. a6 b6 23. f3 exf3 24. gxf3 Qd7 25. Kh2 Nh5 26. Rcc1 Ng3 27. Bg2 Bg6 28. Re1 f5 29. e4 fxe4 30. fxe4 Rf8 31. Qe3 Rf4 32. e5 Rcf8 33. Rac1 Kh7 34. Nf3 Qf5 35. Rxc7 Kh8 36. exd6 Re4 37. Qc1 Rxe1 38. Qxe1 Qf4 39. Bc1 Qf5 40. Qe7 Rg8 41. Nxg5 Nf1+ 42. Kg1 Ng3 43. Nf7+ Bxf7 44. Qxf7 Ne2+ 45. Kh1 Qb1 46. Qh5+ Qh7 47. Qxh7+ Kxh7 48. Be4+ Kh8 49. Be3 Nxd4 50. Rxg7 Rxg7 51. Bxd4 Kg8 52. Bxg7 Kf7 53. d7 Ke7 54. d8=Q+ Kxd8 55. Bf6+ Kd7 56. Bxh4 Kd6 57. Bg3+ Kd7 58. h4 b5 59. Bf3 Ke7 60. Kg2 Kf7 61. Be2 Kg7 62. Bxb5 Kh6 63. Bd3 1-0


[Site "https://www.chess.com"]

[Event "Titled Tuesday Blitz October 5 2021"]
[White "Karacsonyi, Gellert"]
[Black "Jobava, Baadur"]
[WhiteFideId "764620"]
[BlackFideId "13601520"]
[WhiteElo "2215"]
[BlackElo "2731"]
[Result "0-1"]
[Round "07"]
[TimeControl "180+1"]
[Date "2021.10.05"]
[WhiteClock "0:00:14"]
[BlackClock "0:01:15"]

1. e4 e5 2. Nf3 Nf6 3. d4 exd4 4. e5 Ne4 5. Qxd4 d5 6. exd6 Nxd6 7. Nc3 Nc6 8. Qf4 g6 9. Be3 Bg7 10. O-O-O O-O 11. Nd4 Bd7 12. Nxc6 Bxc6 13. Bd4 Bxd4 14. Qxd4 Re8 15. h4 Qe7 16. h5 Nf5 17. Qf4 Qe5 18. Qxe5 Rxe5 19. hxg6 hxg6 20. Rh3 Kg7 21. Rhd3 Rh8 22. g3 Rh2 23. f4 Re3 24. g4 Rxd3 25. Bxd3 Ne3 26. Rg1 Rf2 27. f5 g5 28. Nd1 Nxd1 29. Kxd1 Kf6 30. Be2 Be4 31. c3 Ke5 32. Rg3 Kf4 33. Rh3 Rg2 34. Rh7 c5 35. Ke1 a5 36. Kf1 f6 37. Re7 Rh2 38. Ke1 Ke3 39. Bf1 Rxb2 40. Rd7 Rxa2 41. Bc4 Ra1+ 42. Rd1 Rxd1+ 43. Kxd1 Bf3+ 0-1


[Site "https://www.chess.com"]

[Event "Titled Tuesday Blitz October 5 2021"]
[White "Khusnutdinov, Rustam"]
[Black "Rustemov, Alexander"]
[WhiteFideId "13701703"]
[BlackFideId "4119002"]
[WhiteElo "2571"]
[BlackElo "2799"]
[Result "1/2-1/2"]
[Round "07"]
[TimeControl "180+1"]
[Date "2021.10.05"]
[WhiteClock "0:00:36"]
[BlackClock "0:00:22"]

1. d4 d5 2. c4 e6 3. Nf3 Nf6 4. g3 Be7 5. Bg2 O-O 6. O-O dxc4 7. Ne5 Nc6 8. Bxc6 bxc6 9. Nxc6 Qe8 10. Nxe7+ Qxe7 11. Na3 c5 12. dxc5 Qxc5 13. Be3 Qh5 14. f3 Bb7 15. Nxc4 Rfd8 16. Qe1 Ba6 17. Rc1 Rac8 18. b3 Bxc4 19. bxc4 Rc7 20. g4 Qe5 21. Bf2 Rdc8 22. Bg3 Qe3+ 23. Qf2 Qxf2+ 24. Kxf2 Rxc4 25. Bf4 h5 26. gxh5 Nxh5 27. Be3 a6 28. Rxc4 Rxc4 29. Rc1 Ra4 30. Rc8+ Kh7 31. Rc2 Nf6 32. Bc5 Nd5 33. Kg3 Kg6 34. e4 Nf6 35. Rd2 Nh5+ 36. Kf2 e5 1/2-1/2


[Site "https://www.chess.com"]

[Event "Titled Tuesday Blitz October 5 2021"]
[White "Koridze, Lile"]
[Black "Iskusnyh, Sergei"]
[WhiteFideId "13612514"]
[BlackFideId "4120027"]
[WhiteElo "1978"]
[BlackElo "2492"]
[Result "0-1"]
[Round "07"]
[TimeControl "180+1"]
[Date "2021.10.05"]
[WhiteClock "0:00:15"]
[BlackClock "0:01:02"]

1. d4 d5 2. c4 c6 3. Nf3 Nf6 4. Nc3 e6 5. e3 a6 6. Bd3 dxc4 7. Bxc4 b5 8. Bd3 c5 9. dxc5 Bxc5 10. O-O Bb7 11. Qe2 Nbd7 12. Rd1 Qc7 13. a3 O-O 14. h3 Ne5 15. Nxe5 Qxe5 16. e4 Nh5 17. Bc2 Nf4 18. Qf3 Ng6 19. Be3 Bd6 20. g3 Bc5 21. Rd2 Qc7 22. Rad1 Ne5 23. Qe2 Bxe3 24. fxe3 Nc4 25. Kh2 Nxd2 26. Rxd2 Rad8 27. e5 Qxe5 0-1


[Site "https://www.chess.com"]